Map: Iron Fortress LE (Void)

Players

yongming

  • Race: Terran Terran

Pseudorandom - Winner!

VOD

http://www.twitch.tv/pseudorandom63/b/647223325

Description

Time

  • Played on: April 7, 2015, 10:09 p.m.
  • Length: 19:46
Show
View Real Time Build Order
Export as new Build Order

yongming Terran 

Build Orders: MMM Bio 

Get SALT Encoding   

  12  0:01  SCV  
  13  0:13  SCV  
  14  0:17  Supply Depot  
  14  0:25  SCV  
  15  0:39  SCV  
  15  0:41  Barracks  
  16  0:51  SCV  
  17  1:03  SCV  
  18  1:13  Command Center  
  18  1:17  SCV  
  19  1:22  Refinery  
  19  1:25  Refinery  
  19  1:36  Orbital Command  
  19  1:41  Marine  
  20  1:58  Supply Depot  
  20  2:02  SCV  
  21  2:12  Factory  
  21  2:14  SCV  
  22  2:17  Barracks Reactor  
  22  2:27  SCV  
  22  2:28  Orbital Command  
  23  2:39  SCV  
  23  2:41  Bunker  
  23  3:05  SCV x2  
  24  3:10  Hellion x2  
  28  3:17  SCV x2  
  28  3:18  Barracks Tech Lab  
  30  3:29  SCV x2  
  30  3:32  Hellion x2  
  36  3:40  Stimpack  
  37  3:41  SCV  
  37  3:42  SCV  
  37  3:43  Barracks  
  37  3:45  Barracks  
  37  3:53  SCV, Marauder  
  37  3:54  SCV  
  41  4:05  SCV, Starport  
  41  4:06  SCV  
  43  4:10  Supply Depot  
  43  4:13  Supply Depot  
  43  4:17  SCV  
  43  4:18  SCV  
  41  4:26  Marauder  
  41  4:29  SCV  
  41  4:30  SCV  
  43  4:43  SCV x2  
  43  4:44  Barracks Reactor  
  43  4:45  Barracks Reactor, Starport Reactor  
  43  4:48  Marauder  
  45  4:54  Supply Depot x2  
  45  4:55  SCV x2  
  45  4:59  Command Center  
  47  5:09  Marauder  
  47  5:20  SCV x2  
  47  5:21  Missile Turret  
  46  5:31  Marauder  
  48  5:40  Widow Mine x2, Marine x3  
  51  5:52  Marauder  
  47  6:02  Marine x3  
  47  6:03  Marine  
  37  6:13  Marauder  
  37  6:16  SCV x2  
  37  6:18  Orbital Command  
  41  6:22  Bunker  
  41  6:28  SCV x2  
  43  6:35  Marine x2, Marauder  
  47  6:40  SCV  
  47  6:41  SCV  
  47  6:46  Medivac  
  51  6:49  Medivac  
  51  6:52  SCV  
  54  6:56  SCV, Marauder  
  54  6:58  SCV  
  58  7:05  Combat Shields  
  58  7:07  SCV  
  59  7:08  SCV  
  59  7:10  SCV  
  59  7:14  Marine x2  
  63  7:16  Marine x2  
  63  7:18  Marauder  
  63  7:19  SCV  
  63  7:20  SCV, Medivac  
  71  7:32  SCV x2  
  71  7:33  SCV  
  71  7:37  Marine x2  
  74  7:38  Command Center, Marine  
  74  7:40  Marine  
  74  7:43  Marauder  
  80  7:49  SCV x3  
  83  7:59  Marine x4  
  87  8:24  Marauder, Marine x4  
  88  8:40  Concussive Shells  
  88  8:46  Marauder  
  90  8:52  Marine x4  
  80  9:18  Marine  
  80  9:19  Marauder, Medivac, Marine x3  
  72  9:24  Medivac  
  74  9:33  Factory  
  74  9:34  Factory Tech Lab  
  74  9:36  SCV x3, Refinery, Marine x2  
  74  9:37  Refinery, Barracks  
  79  9:40  Marauder  
  79  9:41  Marine x2  
  83  9:49  Medivac  
  85  9:54  Medivac  
  85  9:57  Engineering Bay x2, Marine  
  85  9:58  Armory, Marine  
  89  10:01  Marauder  
  91  10:08  Marine x2  
  93  10:20  Marine x2  
  95  10:21  Factory Tech Lab  
  95  10:23  Marauder  
  95  10:25  Missile Turret  
  95  10:26  SCV  
  95  10:27  SCV x2  
  73  10:44  Planetary Fortress  
  59  10:58  Marauder  
  59  11:00  Marine x2  
  59  11:01  Marine x4  
  67  11:10  Siege Tank x2  
  73  11:18  Marine x6  
  74  11:19  Marauder  
  81  11:36  Marine x5  
  81  11:38  Barracks  
  86  11:40  Barracks  
  86  11:41  Marauder  
  86  11:42  Siege Tank x2  
  94  12:02  Marauder  
  94  12:04  Marine x3  
  94  12:05  Marine x3  
  94  12:06  Medivac x2  
  106  12:11  Terran Infantry Weapons Level 1  
  106  12:12  Terran Infantry Armor Level 1  
  106  12:14  Siege Tank x2  
  113  12:15  SCV  
  113  12:22  Marine x3  
  115  12:29  Marine  
  116  12:35  SCV  
  116  12:36  Marauder  
  103  12:47  SCV, Marine  
  103  12:48  Marine x5  
  103  12:49  Barracks Tech Lab  
  110  12:57  Marauder  
  112  12:59  SCV  
  112  13:05  Marine x2  
  106  13:12  SCV, Marine  
  109  13:13  Marauder, Marine x3  
  109  13:19  Marauder  
  114  13:23  Marine x2  
  116  13:33  Marine  
  116  13:34  Marauder  
  116  13:42  Missile Turret  
  116  13:59  Terran Vehicle and Ship Weapons Level 1  
  116  14:06  Terran Infantry Weapons Level 2, Terran Infantry Armor Level 2  
  116  14:23  SCV x2  
  116  14:24  SCV x2  
  116  14:25  Marauder  
  114  14:40  Marauder  
  116  14:53  Command Center  
  116  15:01  Marine x3  
  116  15:02  Marine  
  116  15:03  Marine, Medivac  
  116  15:04  Marauder, Marine  
  116  15:05  Marauder, Siege Tank x2, Medivac  
  91  15:19  Marine x3  
  91  15:20  Marine  
  95  15:21  Marine x2  
  95  15:25  Marauder  
  95  15:26  Marauder  
  101  15:35  Barracks Reactor  
  101  15:37  Siege Tank x2, Marine x3  
  101  15:38  Marine  
  101  15:39  Marine  
  112  15:46  Marine  
  112  15:47  Marauder  
  115  15:57  Marauder  
  114  16:08  Marauder  
  110  16:18  Marauder  
  110  16:29  Marauder  
  112  16:38  Planetary Fortress, Missile Turret  
  112  16:50  Marauder, Marine x3  
  112  16:51  Marauder, Marine  
  112  16:52  Siege Tank  
  123  17:05  Refinery  
  123  17:06  Refinery  
  123  17:11  Command Center  
  123  17:24  Siege Tank  
  123  17:26  Marauder x2, Marine  
  131  17:38  Supply Depot  
  131  17:49  Marine  
  131  17:59  Marine  
  131  18:00  SCV x5  
  131  18:01  Supply Depot  
  132  18:20  Marine  
  132  18:21  Marine x2, Marauder x2  
  132  18:23  Marine  
  132  18:25  SCV x2  
  142  18:34  Marine  
  131  18:42  Marauder x2  
  131  18:44  Marine  
  131  18:45  Marine x6  
  135  18:52  Marine  
  133  19:02  Marine  
  117  19:03  Marauder x2, Marine  
Show
View Real Time Build Order
Export as new Build Order

Pseudorandom Zerg - Winner!

Build Orders: Pool First, Lurkers 

Get SALT Encoding   

  12  0:01  Drone  
  13  0:12  Overlord  
  13  0:17  Drone  
  14  0:30  Drone x2  
  16  0:36  Drone  
  17  0:47  Spawning Pool  
  17  0:48  Drone  
  17  0:56  Drone  
  18  1:14  Hatchery  
  18  1:16  Drone  
  18  1:19  Drone  
  19  1:27  Drone  
  19  1:30  Extractor  
  19  1:33  Queen  
  19  1:38  Zergling x2  
  22  1:48  Overlord  
  22  2:08  Drone  
  22  2:14  Drone  
  24  2:16  Queen, Extractor  
  24  2:21  Drone  
  26  2:26  Drone  
  27  2:32  Drone  
  27  2:35  Burrow  
  27  2:36  Drone  
  29  2:41  Drone x3  
  32  2:46  Drone x2  
  32  2:50  Roach Warren  
  33  2:52  Overlord  
  33  2:59  Drone x2  
  35  3:12  Overlord  
  35  3:14  Drone  
  35  3:15  Drone x3  
  35  3:17  Drone  
  35  3:19  Overlord  
  40  3:33  Roach x3  
  40  3:34  Roach  
  48  3:46  Roach  
  48  3:47  Roach x3  
  56  3:56  Metabolic Boost  
  56  3:57  Lair  
  55  4:04  Roach x2  
  55  4:07  Overlord  
  59  4:13  Roach x4  
  57  4:26  Roach x3  
  57  4:27  Roach x2  
  57  4:30  Drone  
  64  4:40  Hatchery  
  64  4:44  Drone x4  
  65  4:46  Drone  
  65  4:50  Overlord, Roach x4  
  66  5:01  Glial Reconstitution, Roach x4  
  66  5:02  Drone  
  66  5:04  Overlord, Roach  
  67  5:31  Drone x3  
  62  5:35  Drone  
  62  5:36  Drone x5, Hydralisk Den, Extractor x2  
  62  5:37  Roach x6  
  62  5:39  Roach x4  
  65  5:56  Lurker Den  
  63  6:03  Drone x4  
  63  6:04  Drone x4  
  61  6:09  Drone x2  
  53  6:12  Drone x6  
  53  6:13  Drone x2  
  53  6:17  Drone  
  62  6:21  Drone  
  62  6:25  Drone x2  
  65  6:30  Hydralisk  
  67  6:37  Hydralisk x5  
  77  6:44  Evolution Chamber  
  77  6:45  Evolution Chamber  
  75  6:53  Zergling x14  
  82  7:06  Drone, Queen  
  82  7:07  Hatchery, Extractor x2  
  83  7:09  Hatchery  
  82  7:18  Zerg Ground Armor Level 1, Zerg Melee Weapons Level 1  
  82  7:19  Drone x2  
  82  7:20  Drone x2  
  86  7:26  Spine Crawler x2  
  84  7:30  Spore Crawler, Lurker x5  
  84  7:31  Spore Crawler  
  87  7:39  Overlord  
  87  7:41  Drone  
  87  7:43  Muscular Augments  
  88  7:44  Lurker  
  89  7:54  Overlord x3  
  89  8:02  Extractor  
  89  8:04  Drone x3  
  89  8:05  Drone, Infestation Pit, Extractor  
  91  8:17  Drone  
  91  8:24  Overlord x2  
  91  8:25  Hydralisk x4  
  91  8:26  Hydralisk x2  
  103  8:33  Hatchery  
  90  8:55  Hydralisk x4  
  76  8:57  Zergling x18  
  76  8:58  Zergling x2  
  88  9:13  Zerg Ground Armor Level 2  
  88  9:14  Zerg Melee Weapons Level 2  
  87  9:24  Lurker  
  87  9:25  Lurker x3  
  90  9:46  Hatchery  
  90  9:49  Drone  
  90  10:02  Hive  
  90  10:26  Hydralisk  
  90  10:27  Hydralisk x5  
  102  10:29  Zergling x4  
  102  10:30  Zergling x6  
  98  10:38  Zergling x10  
  96  10:49  Zergling x2  
  91  10:50  Zergling x10  
  91  10:55  Drone  
  95  11:01  Lurker x2  
  97  11:14  Hydralisk x6  
  97  11:15  Drone x2  
  99  11:28  Overlord x2  
  99  11:36  Seismic Spines  
  99  11:37  Lurker x6  
  99  11:39  Lurker x4  
  102  11:44  Drone x4  
  102  11:45  Drone x2  
  108  11:48  Drone x3  
  109  11:55  Hydralisk  
  109  11:56  Hydralisk  
  112  12:19  Adrenal Glands  
  112  12:20  Zerg Ground Armor Level 3  
  112  12:22  Drone x3  
  100  12:38  Zerg Melee Weapons Level 3  
  100  12:40  Zergling x2  
  100  12:41  Zergling x12  
  92  12:53  Drone  
  92  12:55  Drone x4  
  94  13:04  Hydralisk x3  
  94  13:05  Hydralisk  
  88  13:18  Hydralisk x2  
  88  13:19  Hydralisk  
  94  13:20  Hydralisk x3  
  97  13:37  Lurker x2  
  97  13:38  Lurker  
  97  13:40  Zergling x18  
  106  13:47  Extractor x2  
  104  13:56  Lurker x2  
  105  14:12  Hatchery  
  106  14:17  Lurker x2  
  82  14:38  Zergling x2  
  82  14:39  Zergling x44  
  91  15:07  Hydralisk  
  91  15:08  Hydralisk x5  
  91  15:12  Hydralisk x2  
  104  15:18  Zerg Missile Weapons Level 1  
  104  15:24  Drone  
  104  15:43  Lurker  
  104  15:44  Lurker  
  104  15:47  Hatchery  
  105  15:57  Lurker x5  
  107  16:12  Zergling x6  
  107  16:13  Zergling x18  
  107  16:18  Ultralisk Cavern  
  115  16:24  Extractor x2  
  113  16:28  Hydralisk x3  
  119  16:49  Spine Crawler x2  
  119  16:50  Zergling x4  
  119  16:51  Zergling x14  
  126  17:06  Hatchery  
  125  17:15  Drone  
  125  17:16  Drone  
  125  17:17  Drone x5  
  125  17:18  Drone x6  
  138  17:31  Chitinous Plating  
  138  17:32  Ultralisk x2  
  150  18:01  Ultralisk x2  
  162  18:07  Overlord x2  
  162  18:12  Extractor  
  157  18:13  Spine Crawler  
  157  18:14  Spine Crawler  
  157  18:18  Ultralisk  
  157  18:19  Zergling x8  
  159  18:39  Ultralisk  
  165  18:48  Lurker  
  165  18:53  Zergling x4  
  165  18:54  Zergling x28  
  176  19:15  Hydralisk x2  
  176  19:20  Hatchery  
  176  19:23  Drone x2  
Tags
 
Add a new tag
Caveats
  • Supply blocks, unpowered buildings, or Contaminate may cause inaccurate times.
  • Supply counts are checked every 10 seconds.